 Dungeon Crawl Stone Soup version 0.30-b1-5-g8e6c1be481 (webtiles) character file.

Game seed: 4125682309361312756

382 Mysteryquy the Chopper (level 6, -2/56 HPs)
             Began as a Minotaur Berserker on May 4, 2023.
             Was an Elder of Trog.
             Killed by divine providence
             ... invoked by an orc priest
              (10 damage)
             ... on level 4 of the Dungeon.
             The game lasted 00:04:14 (2751 turns).

Mysteryquy the Chopper (Minotaur Berserker)         Turns: 2751, Time: 00:04:16

Health: -2/56      AC: 11    Str: 24    XL:     6   Next: 47%
Magic:  5/5        EV:  7    Int:  4    God:    Trog [****..]
Gold:   124        SH:  0    Dex:  9    Spells: 5/5 levels left

rFire   + . .        a - +0 hand axe
rCold   . . .        (no shield)
rNeg    . . .        i - +0 plate armour
rPois   .            (helmet restricted)
rElec   .            (no cloak)
rCorr   .            (no gloves)
SInv    .            (no boots)
Will    ++...        (no amulet) Stlth
                     q - ring of protection from fire
HPRegen 1.29/turn    (no ring)
MPRegen 0.09/turn

%: no passive effects
@: strong-willed, regenerating
A: horns 2, retaliatory headbutt
a: Renounce Religion, Berserk, Trog's Hand, Brothers in Arms


You were on level 4 of the Dungeon.
You worshipped Trog.
Trog was greatly pleased with you.
You visited 1 branch of the dungeon, and saw 4 of its levels.

You collected 278 gold pieces.
You spent 154 gold pieces at shops.

Inventory:

Hand Weapons
 a - a +0 hand axe (weapon)
Armour
 b - a +0 animal skin
 i - a +0 plate armour (worn)
Jewellery
 q - a ring of protection from fire (left hand)
 t - a +6 ring of intelligence
Wands
 h - a wand of iceblast (13)
Scrolls
 c - a scroll of immolation {unknown}
 d - 2 scrolls of blinking
 k - 2 scrolls of identify {unknown}
 l - a scroll of magic mapping {unknown}
 n - 2 scrolls of summoning {unknown}
 p - a scroll of teleportation
 r - a scroll of amnesia {unknown}
Potions
 e - a potion of resistance {unknown}
 f - 4 potions of curing
 g - 2 potions of degeneration {unknown}
 j - 2 potions of mutation {unknown}
 m - a potion of invisibility {unknown}
 o - a potion of brilliance {unknown}
 s - a potion of attraction {unknown}


   Skills:
 + Level 5.3 Fighting
 + Level 6.5 Axes
 + Level 4.1 Armour
 + Level 3.2 Dodging
 + Level 0.4 Stealth


You had 5 spell levels left.
You didn't know any spells.
Your spell library was empty.

Dungeon Overview and Level Annotations

Branches:
Dungeon (4/15)
 Temple: D:4-7

Altars:

Shops:
D:1 *   D:3 *!(?*


Innate Abilities, Weirdness & Mutations

You have a pair of horns on your head.
You reflexively headbutt those who attack you in melee.


Message History

a +0 whip; 2 throwing nets; a gnoll corpse You hit the orc.
You headbutt the orc.
The orc is severely wounded.
An orc priest comes into view. It is wielding a +0 club.
The orc barely misses you.
You closely miss the orc.
The orc is severely wounded.
The orc priest shouts!
The orc priest mumbles some strange prayers to Beogh against you.
Beogh smites you!
The orc priest invokes the aid of Beogh against you.
Beogh smites you!
* * * LOW HITPOINT WARNING * * *
The orc hits you but does no damage. The orc attacks as you move away!
The orc hits you but does no damage.
You see here a +0 whip.
The orc attacks as you move away! The orc barely misses you.
You furiously retaliate!
You headbutt the orc!
You kill the orc!
Trog accepts your kill.
Okay, then.
Your skin crawls.
You feel strong-willed.
You hit the orc.
The orc is lightly wounded.
The orc hits you but does no damage.
You slash the orc!
You kill the orc!
Trog accepts your kill.
The orc priest looks satisfied for a moment.
Things that are here:
a +0 club; a boomerang; a +0 leather armour You hit the orc priest but do no damage.
Your headbutt misses the orc priest.
The orc priest invokes the aid of Beogh against you.
Beogh smites you!
* * * LOW HITPOINT WARNING * * *
The orc priest calls down the wrath of Beogh upon you.
Beogh smites you!
You die...

.♣P......†..# .♣♣.........#
♣P...##<############ ♣P..
#.# #.....# P.P.
#.######.....#
.P....#.##.........#
P.....#.##.###.....#
......#<...........#
............##..@..#
.............####o##
..............# #o###
......[.......# #)).#
##........########))######
###..(....#......)†).......
####..♣.♣.#................
..##.##..##..≈..≈....≈..≈..
...#..♣.♣##.....o..........


You could see 2 orc priests.

Vanquished Creatures
  An orc warrior (D:4)
  2 iguanas
  Robin (D:2)
  4 gnolls (D:4)
  6 adders
  A worm (D:4)
  3 dart slugs
  7 orcs (D:4)
  9 ball pythons
  9 bats
  11 endoplasms
  6 giant cockroaches
  13 goblins
  14 hobgoblins
  5 jackals
  10 kobolds
  2 quokkas
  4 frilled lizards
  6 rats
114 creatures vanquished.

Vanquished Creatures (others)
  3 plants (D:4)
3 creatures vanquished.

Grand Total: 117 creatures vanquished

Notes
Turn   | Place    | Note
-------+----------+-------------------------------------------
     0 | D:1      | Mysteryquy the Minotaur Berserker began the quest for the
                  | Orb.
     0 | D:1      | Reached XP level 1. HP: 19/19 MP: 0/0
   157 | D:1      | Reached XP level 2. HP: 22/27 MP: 1/1
   161 | D:1      | Reached skill level 4 in Axes
   433 | D:1      | Reached ** piety under Trog
   659 | D:1      | Reached XP level 3. HP: 28/33 MP: 2/2
   706 | D:1      | Found Omourph's General Store.
   725 | D:1      | Bought a potion of curing for 36 gold pieces
  1249 | D:2      | Noticed Robin
  1269 | D:2      | Reached XP level 4. HP: 41/41 MP: 3/3
  1285 | D:2      | Killed Robin
  1286 | D:2      | Reached skill level 5 in Axes
  1516 | D:3      | Reached *** piety under Trog
  1657 | D:3      | Found Zaurikom's General Store.
  1677 | D:3      | Found Forghikue's Magic Scroll Boutique.
  1682 | D:3      | Bought a scroll of blinking for 82 gold pieces
  1713 | D:3      | Found Udghevohu's Weapon Emporium.
  1720 | D:3      | Reached XP level 5. HP: 15/47 MP: 4/4
  1871 | D:3      | Found Umeur's General Store.
  1878 | D:3      | Bought a scroll of teleportation for 36 gold pieces
  2143 | D:3      | Found Niem's Distillery.
  2260 | D:4      | Reached skill level 5 in Fighting
  2284 | D:4      | Noticed an orc warrior
  2310 | D:4      | Killed an orc warrior
  2311 | D:4      | Reached skill level 6 in Axes
  2311 | D:4      | Reached XP level 6. HP: 23/56 MP: 5/5
  2723 | D:4      | Reached **** piety under Trog
  2751 | D:4      | Killed from afar by an orc priest

Illustrated notes

Levels and vault maps discovered:
D:1:      lemuel_arrival_river_ford, layout_loops_cross, serial_shops, shop,
          minmay_pentomino_x4
D:2:      layout_basic, uniq_robin
D:3:      layout_basic, serial_shops, shop, nicolae_shop_hallway_plus,
          nicolae_shop_statue_plus, nicolae_shop_statue_plus,
          nicolae_shop_bloodbath_and_beyond, minmay_misc_feat_plants
D:4:      layout_rooms, serial_forest, infiniplex_forest_end_2,
          infiniplex_forest_side_room, infiniplex_forest_lined_3,
          infiniplex_forest_lined_2, infiniplex_forest_corner_2,
          infiniplex_forest_join, infiniplex_forest_lined_2,
          infiniplex_forest_clump_small, infiniplex_forest_clump_diagonal,
          infiniplex_forest_clump_long, kennysheep_dice

Skill      XL: |  1  2  3  4  5  6 |
---------------+-------------------+-----
Axes           | 4 5 6 |  6.5
Fighting       | 4 5 |  5.3
Dodging        | 3 |  3.2
Armour         | 3 4 |  4.1
Stealth        | |  0.4

Action                     |  1- 3 |  4- 6 || total
---------------------------+-------+-------++-------
  Melee: Hand axe          |   102 |   152 ||   254
         Headbutt          |    14 |    23 ||    37
 Invoke: Berserk           |       |     1 ||     1
         Trog's Hand       |       |     1 ||     1
 Armour: Animal skin       |    12 |       ||    12
         Plate armour      |    13 |   118 ||   131
  Dodge: Dodged            |    65 |    57 ||   122
